 Dungeon Crawl Stone Soup version 0.24.0-13-gcf9b319 (webtiles) character file.

Game seed: 1877211028029638080, levelgen mode: deterministic

5611 Fang the Fighter (level 10, -6/66 HPs)
             Began as a Gargoyle Fighter on Dec 13, 2019.
             Was a Priest of Trog.
             Mangled by a cyclops (16 damage)
             ... on level 10 of the Dungeon.
             The game lasted 00:10:28 (8848 turns).

Fang the Fighter (Gargoyle Fighter)                 Turns: 8848, Time: 00:10:28

Health: -6/66      AC: 22    Str: 23    XL:     10   Next: 73%
Magic:  10/10      EV:  6    Int:  9    God:    Trog [***...]
Gold:   521        SH: 12    Dex: 12    Spells: 9/9 levels left

rFire    . . .     SeeInvis .   a - +0 war axe
rCold    . . .     Gourm    .   B - +0 shield
rNeg     + . .     Faith    .   b - +1 plate armour
rPois    ∞         Spirit   .   (no helmet)
rElec    +         Reflect  .   (no cloak)
rCorr    .         Harm     .   (no gloves)
MR       ++...                  (no boots)
Stlth    ..........             (no amulet)
HPRegen  1.21/turn              g - +3 ring of dexterity
MPRegen  0.12/turn              s - ring of flight

@: berserk cooldown, regenerating, slowed, very slow
A: negative energy resistance 1, electricity resistance, unbreathing,
petrification resistance, rot immunity, AC +7
a: Berserk, Trog's Hand, Renounce Religion, Evoke Flight


You were on level 10 of the Dungeon.
You worshipped Trog.
Trog was most pleased with you.
You were very hungry.

You visited 2 branches of the dungeon, and saw 11 of its levels.

You collected 521 gold pieces.

Inventory:

Hand Weapons
 a - a +0 war axe (weapon)
Armour
 b - a +1 plate armour (worn)
 B - a +0 shield (worn)
Jewellery
 g - a +3 ring of dexterity (left hand)
 s - a ring of flight (right hand)
Wands
 e - a wand of enslavement (8)
 f - a wand of acid (8)
 r - a wand of random effects (20)
 t - a wand of scattershot (4)
Scrolls
 i - 2 scrolls of identify
 j - 2 scrolls of teleportation
 l - 6 scrolls of remove curse
 m - 3 scrolls of magic mapping
 u - a scroll of fear
Potions
 d - 2 potions of might
 k - 3 potions of curing
 n - a potion of flight
 o - 3 potions of mutation
 p - 2 potions of heal wounds
 q - a potion of haste
 v - a potion of berserk rage
Comestibles
 c - 12 rations
 w - 6 chunks of flesh


   Skills:
 + Level 9.3 Fighting
 + Level 7.4 Axes
 + Level 9.2 Armour
 + Level 9.2 Shields


You had 9 spell levels left.
You didn't know any spells.
Your spell library was empty.

Dungeon Overview and Level Annotations

Branches:
Dungeon (10/15)            Temple (1/1) D:6
   Lair: D:8-11         Orc: D:9-12

Altars:
Dithmenos
Elyvilon
Fedhas
Kikubaaqudgha
Makhleb
Nemelex Xobeh
Okawaru
Qazlal
Trog
Uskayaw
Wu Jian
Zin

Annotations:
D:3 3 runed translucent doors, THUG4L1F3's ghost, amateur MiBe


Innate Abilities, Weirdness & Mutations

You are resistant to torment.
Your stone body is resilient. (AC +7)
You are immune to poison.
You resist negative energy. (rN+)
You are resistant to electric shocks. (rElec)
You can survive without breathing.
You are immune to petrification.
You are immune to rotting.


Message History

You feel a strong urge to attack something.
The orc wizard hits you but does no damage.
You slash the cyclops!
The cyclops is moderately wounded.
You closely miss the orc warrior. You block the cyclops's attack.
You slice the cyclops!!
The cyclops is severely wounded.
You slash the orc wizard! You slash the orc warrior!
You are no longer berserk.
You are exhausted.
You feel yourself slow down. You block the orc wizard's attack.
The orc warrior hits you with a +0 battleaxe!
* * * LOW HITPOINT WARNING * * *
You hit the cyclops.
The cyclops is severely wounded.
You barely miss the orc warrior. You completely miss the orc wizard.
The orc wizard hits you with a +0 dagger.
* * * LOW HITPOINT WARNING * * *
The cyclops hits you!
You die...

#.......#...##..#
#.......#.......#
###.......#.......# .
.........#.####..# ..
#.......'.# #..#
...##.......#.# #..#
............#.# #..#
........o)(.#.####..#
......C@o...#.......#
...##.......#.......#
#.......#.......#
#.....###.......#
#.....#.........#
.......#.........#
.......#.######..#
........# #..# #..#


You could see a cyclops, an orc warrior and an orc wizard.

Vanquished Creatures
  The ghost of meepyknight the Covered, a novice GrFi (D:5)
  A troll (D:9)
  A meliai zombie (D:10)
  2 hippogriffs
  2 wyverns
  4 ice beasts
  An orc warrior (D:8)
  2 phantoms
  5 sky beasts
  4 ogres
  3 centaurs
  A crocodile (D:8)
  3 big kobolds
  2 bullfrogs (D:6)
  A scorpion (D:10)
  4 killer bees (D:8)
  15 wights
  A howler monkey (D:8)
  2 centaur zombies
  2 crimson imps (D:7)
  2 orc priests (D:8)
  A jelly (D:6)
  A bullfrog zombie (D:8)
  A centaur skeleton (D:4)
  2 bullfrog skeletons
  5 hounds
  8 orc wizards
  A gnoll shaman (D:8)
  Natasha (twice) (D:3)
  5 worker ants
  2 hound skeletons
  A howler monkey zombie (D:7)
  11 gnolls
  8 adders
  2 adder skeletons
  2 adder zombies
  A worm (D:2)
  5 dart slugs
  7 leopard geckos
  38 orcs
  7 bats
  5 giant cockroaches
  6 goblins
  10 hobgoblins
  3 jackals (D:1)
  4 quokkas
  2 ball pythons
  3 frilled lizards
  18 kobolds
  2 leopard gecko skeletons
  A leopard gecko zombie (D:8)
  A quokka skeleton (D:4)
  4 rats (D:1)
228 creatures vanquished.

Notes
Turn   | Place    | Note
-------+----------+-------------------------------------------
     0 | D:1      | Fang the Gargoyle Fighter began the quest for the Orb.
     0 | D:1      | Reached XP level 1. HP: 14/14 MP: 1/1
   105 | D:1      | Reached XP level 2. HP: 19/19 MP: 2/2
   263 | D:1      | Reached XP level 3. HP: 23/23 MP: 3/3
   528 | D:2      | Reached XP level 4. HP: 28/29 MP: 4/4
   538 | D:2      | Found a bloodstained altar of Trog.
   552 | D:2      | Became a worshipper of Trog the Wrathful
  1124 | D:3      | Reached * piety under Trog
  1136 | D:3      | Found a runed translucent gate.
  1136 | D:3      | Found a runed translucent gate.
  1137 | D:3      | Found a runed translucent gate.
  1138 | D:3      | Noticed THUG4L1F3's ghost (amateur MiBe)
  1229 | D:3      | Reached XP level 5. HP: 33/33 MP: 5/5
  1942 | D:3      | Noticed Natasha
  1953 | D:3      | Killed Natasha
  2104 | D:3      | Noticed Natasha
  2111 | D:3      | Killed Natasha
  2111 | D:3      | Reached XP level 6. HP: 39/39 MP: 6/6
  3582 | D:4      | Noticed a phantom
  3614 | D:4      | Killed a phantom
  3668 | D:4      | Reached skill level 5 in Fighting
  3824 | D:4      | Reached skill level 5 in Armour
  3824 | D:4      | Reached skill level 5 in Shields
  3824 | D:4      | Reached XP level 7. HP: 12/44 MP: 7/7
  4413 | D:4      | Found a stormy altar of Qazlal.
  4861 | D:5      | Entered Level 5 of the Dungeon
  5177 | D:5      | Reached XP level 8. HP: 33/51 MP: 8/8
  5552 | D:5      | Found a runed translucent gate.
  5553 | D:5      | Found a runed translucent gate.
  5553 | D:5      | Noticed meepyknight's ghost (novice GrFi)
  5556 | D:5      | Found a runed translucent gate.
  5804 | D:6      | Found a staircase to the Ecumenical Temple.
  5821 | Temple   | Entered the Ecumenical Temple
  5938 | D:6      | Reached skill level 5 in Axes
  6118 | D:7      | Reached ** piety under Trog
  6142 | D:7      | Noticed an orc knight
  6143 | D:7      | Found a white marble altar of Elyvilon.
  6143 | D:7      | Found a transporter.
  6162 | D:7      | Found a transporter.
  6192 | D:7      | Reached XP level 9. HP: 48/57 MP: 9/9
  6964 | D:5      | Killed meepyknight's ghost
  7135 | D:8      | Reached XP level 10. HP: 52/64 MP: 10/10
  7312 | D:8      | Noticed a +0 hand axe
  7313 | D:8      | Noticed a +0 hand axe
  7315 | D:8      | Found a hide-covered altar of Uskayaw.
  7695 | D:8      | Reached *** piety under Trog
  7721 | D:8      | Found a sparkling altar of Nemelex Xobeh.
  7721 | D:8      | Found a blossoming altar of Fedhas.
  7721 | D:8      | Found an ancient bone altar of Kikubaaqudgha.
  7721 | D:8      | Found an ornate altar of the Wu Jian Council.
  7727 | D:8      | Found a burning altar of Makhleb.
  7727 | D:8      | Found an iron altar of Okawaru.
  8737 | D:10     | Entered Level 10 of the Dungeon
  8836 | D:10     | Noticed a cyclops
  8848 | D:10     | Mangled by a cyclops

Levels and vault maps discovered:
D:1:      lemuel_arrival_behind_the_door_large, layout_basic
D:2:      layout_loops_ring, old_standard_altar, first_ration
D:3:      layout_basic, serial_rivers, chequers_serial_rivers_small_a,
          chequers_serial_rivers_micro_b, chequers_serial_rivers_room_a,
          chequers_serial_rivers_micro_b, chequers_serial_rivers_small_b,
          chequers_serial_rivers_micro_a, ebering_ghost_rock_garden,
          uniq_natasha
D:4:      layout_layer_cave, nicolae_qazlal_eye_of_the_storm
D:5:      layout_cave_pools, gammafunk_ghost_nasty_kobolds, serial_glass,
          glass_columns_a, glass_columns_a, feat_on_display,
          minmay_strange_pillars, item_on_display_a,
          chequers_serial_rivers_large_b
D:6:      layout_cave_pools, minmay_temple_entry_tees
D:7:      layout_rooms, gammafunk_temple_overflow_arena
D:8:      layout_basic, dancing_weapons_uskayaw, minmay_overflow_temple_hex
D:9:      layout_basic
D:10:     layout_stronghold, minmay_orc_entry_guard_dogs, uniq_gastronok
Temple:   nicolae_temple_hex_pool

Skill      XL: |  1  2  3  4  5  6  7  8  9 10 |
---------------+-------------------------------+-----
Axes           | 2 3 4 5 6 7 |  7.4
Fighting       | 4 5 7 8 9 |  9.3
Armour         | 4 5 6 8 9 |  9.2
Shields        | 4 5 6 8 9 |  9.2

Action                   |  1- 3 |  4- 6 |  7- 9 | 10-12 || total
-------------------------+-------+-------+-------+-------++-------
Melee: War axe           |   108 |   135 |   302 |   260 ||   805
Invok: Berserk           |       |       |     4 |     4 ||     8
       Trog's Hand       |       |       |     1 |     1 ||     2
  Use: Scroll            |       |       |    13 |     5 ||    18
  Eat: Chunk             |       |     6 |    15 |     9 ||    30
       Ration            |       |     1 |       |       ||     1
Armor: Scale mail        |    46 |    76 |    91 |       ||   213
       Chain mail        |       |       |   113 |       ||   113
       Plate armour      |       |       |    29 |   208 ||   237
Dodge: Dodged            |    29 |    43 |   101 |    62 ||   235
Block: Shield            |    71 |    78 |   197 |   182 ||   528
